NWL (28 & UNDER)
RIVERSIDE RED BULLS @ MENLO MANIACS
04/07/2023
 
TOP OF THE 1ST
Riverside Red Bulls batting - Pitching for Menlo Maniacs : RHP Jorge Luna
Pitching: RHP Jorge Luna
Batting: SHB Chun-yeong Kim 0-0: Ball
1-0: Ball
2-0: Foul Ball, location: 2F
2-1: Fly out, F8 (Flyball, 8LM)
Batting: RHB Júlio García 0-0: SOLO HOME RUN (Flyball, 7D) (Inside the Park)
Batting: LHB Jorge Meléndez 0-0: Ball
1-0: Ground out 3-1 (Groundball, 34)
Batting: RHB Andy Aiton 0-0: Ground out 5-3 (Groundball, 56S)
Top of the 1st over - 1 run(s), 1 hit(s), 0 error(s), 0 left on base; Riverside 1 - Menlo 0
BOTTOM OF THE 1ST
Menlo Maniacs batting - Pitching for Riverside Red Bulls : RHP Emílio Núñez
Pitching: RHP Emílio Núñez
Batting: LHB Roger Moore 0-0: Ball
1-0: Called Strike
1-1: Fly out, F9 (Line Drive, 9M)
Batting: LHB Alfonso Montoya 0-0: SINGLE (Groundball, 3D)
Batting: SHB Marvin Harris 0-0: Ball
1-0: Foul Ball, location: 2F
1-1: Ball
2-1: Ball
3-1: Base on Balls
Alfonso Montoya to second
Batting: RHB Daryl Floyd 0-0: Foul Ball, location: 2F
0-1: Ball
1-1: Ball
2-1: Fielders Choice at 2nd, 5-4 (Groundball, 5)
Alfonso Montoya to third
Batting: LHB Vincente Sáenz 0-0: Ground out U3 (Groundball, 3)
Bottom of the 1st over - 0 run(s), 1 hit(s), 0 error(s), 2 left on base; Riverside 1 - Menlo 0
TOP OF THE 2ND
Riverside Red Bulls batting - Pitching for Menlo Maniacs : RHP Jorge Luna
Batting: LHB Aroghetto Dionisotti 0-0: Called Strike
0-1: Fly out, F7 (Line Drive, 78M)
Batting: RHB Joe Scott 0-0: Called Strike
0-1: Ball
1-1: Foul Ball, location: 2F
1-2: Strikes out swinging
Batting: RHB José Zúñiga 0-0: Called Strike
0-1: SINGLE (Flyball, 89M)
Batting: RHB Soshu Nakamura 0-0: Foul Ball, location: 2F
0-1: Ball
1-1: Ball
Wild Pitch!
José Zúñiga to second
2-1: Foul Ball, location: 2F
2-2: Ball
3-2: Strikes out swinging
Top of the 2nd over - 0 run(s), 1 hit(s), 0 error(s), 1 left on base; Riverside 1 - Menlo 0
BOTTOM OF THE 2ND
Menlo Maniacs batting - Pitching for Riverside Red Bulls : RHP Emílio Núñez
Batting: RHB Tom Meyer 0-0: Ball
1-0: Called Strike
1-1: Ball
2-1: Ball
3-1: Base on Balls
Batting: LHB Héctor Flores 0-0: Ball
1-0: Ball
2-0: SINGLE (Line Drive, 4MD)
Tom Meyer to second
Batting: RHB Jesús Cuevas 0-0: Foul Ball, location: 2F
0-1: SINGLE (Groundball, 56D)
Tom Meyer to third
Héctor Flores to second
Runner from 3rd tries for Home, SAFE, throw made home
Batting: SHB António Trinidad 0-0: Ball
1-0: Ball
2-0: Ball
3-0: Called Strike
3-1: Swinging Strike
3-2: Strikes out swinging
Batting: LHB Roger Moore 0-0: Foul Ball, location: 2F
0-1: Called Strike
0-2: Ball
1-2: Ball
2-2: Strikes out swinging
Batting: LHB Alfonso Montoya 0-0: Swinging Strike
0-1: Ball
1-1: Ball
2-1: Ball
3-1: Base on Balls
Héctor Flores to third
Jesús Cuevas to second
Batting: SHB Marvin Harris 0-0: Called Strike
0-1: Ball
1-1: Ball
2-1: Ball
3-1: Base on Balls
Héctor Flores scores
Jesús Cuevas to third
Alfonso Montoya to second
Batting: RHB Daryl Floyd 0-0: Called Strike
0-1: Ball
1-1: Ball
2-1: Ball
3-1: Base on Balls
Jesús Cuevas scores
Alfonso Montoya to third
Marvin Harris to second
Batting: LHB Vincente Sáenz 0-0: Ball
1-0: Called Strike
1-1: Ball
2-1: Ball
3-1: Called Strike
3-2: Foul Ball, location: 2F
3-2: Base on Balls
Alfonso Montoya scores
Marvin Harris to third
Daryl Floyd to second
Batting: RHB Tom Meyer 0-0: Ball
1-0: Ball
2-0: Ball
3-0: Base on Balls
Marvin Harris scores
Daryl Floyd to third
Vincente Sáenz to second
Batting: LHB Héctor Flores 0-0: Ball
1-0: Swinging Strike
1-1: Ball
2-1: Swinging Strike
2-2: Ball
3-2: Foul Ball, location: 2F
3-2: Base on Balls
Daryl Floyd scores
Vincente Sáenz to third
Tom Meyer to second
Batting: RHB Jesús Cuevas 0-0: Called Strike
0-1: Ball
1-1: Ball
2-1: Foul Ball, location: 2F
2-2: Fly out, F8 (Flyball, 8LM)
Bottom of the 2nd over - 6 run(s), 2 hit(s), 0 error(s), 3 left on base; Riverside 1 - Menlo 6
TOP OF THE 3RD
Riverside Red Bulls batting - Pitching for Menlo Maniacs : RHP Jorge Luna
Batting: RHB Rafael Torres 0-0: Ball
1-0: Ball
2-0: Ball
3-0: Called Strike
3-1: Base on Balls
Batting: SHB Chun-yeong Kim 0-0: Ball
Rafael Torres steals 2nd base
1-0: Called Strike
1-1: Foul Ball, location: 2F
1-2: Ball
2-2: Foul Ball, location: 2F
2-2: Fly out, F9 (Flyball, 9M)
Batting: RHB Júlio García 0-0: Ball
1-0: Swinging Strike
1-1: Swinging Strike
1-2: SINGLE (Flyball, 78S)
Rafael Torres to third
Runner from 3rd tries for Home, throw and OUT!
Batting: LHB Jorge Meléndez 0-0: Ball
1-0: Fly out, F9 (Flyball, 9S)
Top of the 3rd over - 0 run(s), 1 hit(s), 0 error(s), 1 left on base; Riverside 1 - Menlo 6
BOTTOM OF THE 3RD
Menlo Maniacs batting - Pitching for Riverside Red Bulls : RHP Emílio Núñez
Batting: SHB António Trinidad 0-0: SINGLE (Line Drive, 6D)
Batting: LHB Roger Moore 0-0: Fly out, F8 (Flyball, 8RM)
Pitching: RHP Jeff Hansen
Batting: LHB Alfonso Montoya 0-0: Ground out U3 (Groundball, 3S)
António Trinidad to second
Batting: SHB Marvin Harris 0-0: Foul Ball, location: 2F
0-1: Swinging Strike
0-2: Ball
1-2: Ball
2-2: Ball
3-2: Foul Ball, location: 2F
3-2: Base on Balls
Batting: RHB Daryl Floyd 0-0: Ball
1-0: Called Strike
1-1: Ball
2-1: Foul Ball, location: 2F
2-2: Ball
3-2: Ground out 6-3 (Groundball, 6M)
Bottom of the 3rd over - 0 run(s), 1 hit(s), 0 error(s), 2 left on base; Riverside 1 - Menlo 6
TOP OF THE 4TH
Riverside Red Bulls batting - Pitching for Menlo Maniacs : RHP Jorge Luna
Batting: RHB Andy Aiton 0-0: Foul Ball, location: 2F
0-1: Ball
1-1: Ground out 5-3 (Groundball, 56)
Batting: LHB Aroghetto Dionisotti 0-0: Called Strike
0-1: Foul Ball, location: 2F
0-2: Ball
1-2: Ground out 4-3 (Groundball, 4)
Batting: RHB Joe Scott 0-0: Foul Ball, location: 2F
0-1: Ball
1-1: Ball
2-1: Swinging Strike
2-2: SINGLE (Line Drive, 56)
Batting: RHB José Zúñiga 0-0: Ball
1-0: Called Strike
1-1: Ball
2-1: Ball
3-1: Called Strike
3-2: Strikes out swinging
Top of the 4th over - 0 run(s), 1 hit(s), 0 error(s), 1 left on base; Riverside 1 - Menlo 6
BOTTOM OF THE 4TH
Menlo Maniacs batting - Pitching for Riverside Red Bulls : RHP Jeff Hansen
Batting: LHB Vincente Sáenz 0-0: Fly out, F2 (Popup, 25F)
Batting: RHB Tom Meyer 0-0: Foul Ball, location: 2F
0-1: Swinging Strike
0-2: Ball
1-2: Ball
2-2: Foul Ball, location: 2F
2-2: Ball
3-2: Ground out 1-3 (Groundball, 25)
Batting: LHB Héctor Flores 0-0: Ball
1-0: Ball
2-0: Fly out, F8 (Flyball, 8LM)
Bottom of the 4th over - 0 run(s), 0 hit(s), 0 error(s), 0 left on base; Riverside 1 - Menlo 6
TOP OF THE 5TH
Riverside Red Bulls batting - Pitching for Menlo Maniacs : RHP Jorge Luna
Batting: RHB Soshu Nakamura 0-0: Called Strike
0-1: Ball
1-1: Swinging Strike
1-2: Foul Ball, location: 2F
1-2: Foul Ball, location: 2F
1-2: SINGLE (Line Drive, 8RS)
Batting: RHB Rafael Torres 0-0: Ball
1-0: Fly out, F5 (Popup, 25F)
Batting: SHB Chun-yeong Kim 0-0: Called Strike
0-1: Ball
Soshu Nakamura steals 2nd base
1-1: Foul Ball, location: 2F
1-2: SINGLE (Flyball, 6MD)
Soshu Nakamura to third
Runner from 3rd tries for Home, throw and OUT!
Chun-yeong Kim to second
Batting: RHB Júlio García 0-0: Ball
1-0: Ball
2-0: Called Strike
2-1: Ball
3-1: Called Strike
3-2: Foul Ball, location: 2F
3-2: Ground out 6-3 (Groundball, 6M)
Top of the 5th over - 0 run(s), 2 hit(s), 0 error(s), 1 left on base; Riverside 1 - Menlo 6
BOTTOM OF THE 5TH
Menlo Maniacs batting - Pitching for Riverside Red Bulls : RHP Jeff Hansen
Batting: RHB Jesús Cuevas 0-0: Called Strike
0-1: Foul Ball, location: 2F
0-2: SINGLE (Line Drive, 8LS)
Batting: SHB António Trinidad 0-0: Called Strike
0-1: Swinging Strike
0-2: Ball
1-2: Ground out 5-3 (Groundball, 15S)
Jesús Cuevas to second
Batting: LHB Roger Moore 0-0: Swinging Strike
0-1: Foul Ball, location: 2F
0-2: Ball
1-2: Ball
2-2: Strikes out swinging
Batting: LHB Alfonso Montoya 0-0: Called Strike
0-1: Foul Ball, location: 2F
0-2: Ball
1-2: SINGLE (Line Drive, 56)
Jesús Cuevas to third
Runner from 3rd tries for Home, SAFE, no throw or cutoff
Batting: SHB Marvin Harris 0-0: Foul Ball, location: 2F
0-1: Ball
1-1: Swinging Strike
1-2: Foul Ball, location: 2F
1-2: Strikes out swinging
Bottom of the 5th over - 1 run(s), 2 hit(s), 0 error(s), 1 left on base; Riverside 1 - Menlo 7
TOP OF THE 6TH
Riverside Red Bulls batting - Pitching for Menlo Maniacs : RHP Jorge Luna
Batting: LHB Jorge Meléndez 0-0: Ball
1-0: Called Strike
1-1: Foul Ball, location: 2F
1-2: Ball
2-2: Foul Ball, location: 2F
2-2: Ball
3-2: SINGLE (Flyball, 7LS)
Pitching: LHP José Acosta
Batting: RHB Andy Aiton 0-0: Ball
1-0: Ball
2-0: Ball
3-0: Called Strike
3-1: Base on Balls
Jorge Meléndez to second
Batting: LHB Aroghetto Dionisotti 0-0: Ball
1-0: DOUBLE (Line Drive, 56D)
Jorge Meléndez scores
Andy Aiton to third
Batting: RHB Joe Scott 0-0: Foul Ball, location: 2F
0-1: Fly out, F7 (Flyball, 7M)
Runner from 3rd tags up, OUT at HOME
Aroghetto Dionisotti to third
Batting: RHB José Zúñiga 0-0: Ball
1-0: Swinging Strike
1-1: Ball
2-1: Foul Ball, location: 2F
2-2: Ground out 5-3 (Groundball, 5)
Top of the 6th over - 1 run(s), 2 hit(s), 0 error(s), 1 left on base; Riverside 2 - Menlo 7
BOTTOM OF THE 6TH
Menlo Maniacs batting - Pitching for Riverside Red Bulls : RHP Jeff Hansen
Pitching: RHP Derrick Baird
Batting: RHB Daryl Floyd 0-0: Ball
1-0: Called Strike
1-1: SOLO HOME RUN (Flyball, 78XD), Distance : 407 ft
Batting: LHB Vincente Sáenz 0-0: Ball
1-0: Ball
2-0: Ball
3-0: Base on Balls
Batting: RHB Tom Meyer 0-0: Ball
1-0: Ball
2-0: Called Strike
2-1: Ball
3-1: Called Strike
3-2: Grounds into double play, 5-4-3 (Groundball, 56)
Batting: LHB Héctor Flores 0-0: Ball
1-0: Foul Ball, location: 2F
1-1: Ball
2-1: SINGLE (Flyball, 78S)
Batting: RHB Jesús Cuevas Balk!
Héctor Flores to second
0-0: Called Strike
0-1: Foul Ball, location: 2F
0-2: Fly out, F7 (Flyball, 78M)
Bottom of the 6th over - 1 run(s), 2 hit(s), 0 error(s), 1 left on base; Riverside 2 - Menlo 8
TOP OF THE 7TH
Riverside Red Bulls batting - Pitching for Menlo Maniacs : LHP José Acosta
Batting: RHB Soshu Nakamura 0-0: Ball
1-0: Foul Ball, location: 2F
1-1: Ball
2-1: Ball
3-1: Base on Balls
Batting: RHB Rafael Torres 0-0: Ball
1-0: 2-RUN HOME RUN (Flyball, 7D), Distance : 397 ft
Batting: SHB Chun-yeong Kim 0-0: Foul Ball, location: 2F
0-1: Swinging Strike
0-2: Ground out 6-3 (Groundball, 6)
Batting: RHB Júlio García 0-0: Foul Ball, location: 2F
0-1: Ball
1-1: Swinging Strike
1-2: Strikes out swinging
Batting: LHB Jorge Meléndez 0-0: Ball
1-0: Swinging Strike
1-1: Called Strike
1-2: Foul Ball, location: 2F
1-2: Strikes out looking
Top of the 7th over - 2 run(s), 1 hit(s), 0 error(s), 0 left on base; Riverside 4 - Menlo 8
BOTTOM OF THE 7TH
Menlo Maniacs batting - Pitching for Riverside Red Bulls : RHP Derrick Baird
Batting: SHB António Trinidad 0-0: Ball
1-0: Called Strike
1-1: Ball
2-1: Fly out, F4 (Line Drive, 4)
Batting: LHB Roger Moore 0-0: Called Strike
0-1: Called Strike
0-2: Strikes out swinging
Batting: LHB Alfonso Montoya 0-0: Called Strike
0-1: Ball
1-1: Foul Ball, location: 2F
1-2: Ball
2-2: Ball
3-2: Base on Balls
Batting: SHB Marvin Harris 0-0: Ball
1-0: Ball
2-0: Foul Ball, location: 2F
2-1: 2-RUN HOME RUN (Flyball, 9D), Distance : 374 ft
Pitching: LHP Dan Frye
Batting: RHB Daryl Floyd 0-0: Called Strike
0-1: Foul Ball, location: 2F
0-2: Ground out 6-3 (Groundball, 6)
Bottom of the 7th over - 2 run(s), 1 hit(s), 0 error(s), 0 left on base; Riverside 4 - Menlo 10
TOP OF THE 8TH
Riverside Red Bulls batting - Pitching for Menlo Maniacs : LHP José Acosta
Pitching: RHP William Simpson
Now at SS: Carlos Gonzáles
Batting: RHB Andy Aiton 0-0: Fly out, F9 (Flyball, 9M)
Batting: LHB Aroghetto Dionisotti 0-0: Swinging Strike
0-1: Swinging Strike
0-2: Strikes out swinging
Batting: RHB Joe Scott 0-0: Foul Ball, location: 2F
0-1: Swinging Strike
0-2: Foul Ball, location: 2F
0-2: Strikes out swinging
Top of the 8th over - 0 run(s), 0 hit(s), 0 error(s), 0 left on base; Riverside 4 - Menlo 10
BOTTOM OF THE 8TH
Menlo Maniacs batting - Pitching for Riverside Red Bulls : LHP Dan Frye
Batting: LHB Vincente Sáenz 0-0: Ball
1-0: Ball
2-0: Foul Ball, location: 2F
2-1: Ball
3-1: Base on Balls
Batting: RHB Tom Meyer 0-0: Ball
1-0: Foul Ball, location: 2F
1-1: Foul Ball, location: 2F
1-2: Ball
2-2: Foul Ball, location: 2F
2-2: Strikes out looking
Batting: LHB Héctor Flores 0-0: Ball
1-0: Fielders Choice at 2nd, 6-4 (Groundball, 6M)
Batting: RHB Jesús Cuevas 0-0: Ball
Héctor Flores is caught stealing 2nd base
Bottom of the 8th over - 0 run(s), 0 hit(s), 0 error(s), 0 left on base; Riverside 4 - Menlo 10
TOP OF THE 9TH
Riverside Red Bulls batting - Pitching for Menlo Maniacs : RHP William Simpson
Batting: RHB José Zúñiga 0-0: Hit by Pitch
Batting: RHB Soshu Nakamura 0-0: Called Strike
0-1: Ball
1-1: Fly out, F4 (Popup, 4MD)
Batting: RHB Rafael Torres 0-0: Ball
1-0: Called Strike
1-1: Foul Ball, location: 2F
1-2: Strikes out swinging
Batting: SHB Chun-yeong Kim 0-0: Swinging Strike
0-1: Ground out U3 (Groundball, 3)
Top of the 9th over - 0 run(s), 0 hit(s), 0 error(s), 1 left on base; Riverside 4 - Menlo 10
This league is powered by Out of the Park Baseball, the baseball management simulation game for PC, Mac and Linux
Wednesday, December 2nd, 2015 - OOTP Baseball 16.8 Build 38